 Dungeon Crawl Stone Soup version 0.25.1-2-g60ff931df9 (webtiles) character file.

Game seed: 12517390840733110154

51094 H0rd4k the Black Belt (level 14, -1/88 HPs)
             Began as an Octopode Transmuter on Aug 5, 2020.
             Was an Initiate of Gozag.
             Slain by a harpy (7 damage)
             ... on level 1 of the Shoals on Aug 6, 2020.
             The game lasted 01:44:44 (36752 turns).

H0rd4k the Black Belt (Octopode Transmuter)        Turns: 36752, Time: 01:44:47

Health: -1/88      AC:  5    Str: 17    XL:     14   Next: 58%
Magic:  0/37       EV: 17    Int: 25    God:    Gozag
Gold:   1088       SH:  0    Dex: 12    Spells: 8/34 levels left

rFire    . . .     SeeInvis +     - Unarmed
rCold    . . .     Gourm    .   (shield currently unavailable)
rNeg     + . .     Faith    .   (helmet restricted)
rPois    .         Spirit   +   n - amulet of guardian spirit
rElec    .         Reflect  .   d - ring of positive energy
rCorr    +         Harm     .   S - +6 ring of strength
MR       ++...                  i - +6 ring of intelligence
Stlth    ++++++....             F - +4 ring of protection
HPRegen  0.24/turn              f - ring of see invisible
MPRegen  0.25/turn              J - ring of magical power
                                M - ring of protection from magic
                                P - ring of resist corrosion

@: blade tentacles (expiring), gold aura, studying Unarmed Combat
A: almost no armour, stealthy swim, amphibious, 8 rings, constrict 8, camouflage
1, gelatinous body 1
a: End Transformation, Potion Petition, Call Merchant, Bribe Branch, Renounce
Religion


You were on level 1 of the Shoals.
You worshipped Gozag.
Gozag was most pleased with you.
You were not hungry.
You had blades for tentacles.
You visited 5 branches of the dungeon, and saw 21 of its levels.

You collected 6714 gold pieces.
You spent 4133 gold pieces at shops.
You paid 1493 gold pieces to Gozag.

Inventory:

Hand Weapons
 R - the +2 triple crossbow of Hell's Wrath {freeze, rElec rF+ rC- Int+4 Dex+3}
   (You bought it in a shop on level 2 of the Orcish Mines)

   It causes projectiles fired from it to freeze those they strike, causing
   extra injury to most foes and up to half again as much damage against
   particularly susceptible opponents.
   They can also slow down cold-blooded creatures.
   It affects your intelligence (+4).
   It affects your dexterity (+3).
   It protects you from fire.
   It makes you vulnerable to cold.
   It insulates you from electricity.
Missiles
 a - 272 arrows
 g - 67 poisoned darts (quivered)
Magical Staves
 r - an uncursed staff of earth
 w - an uncursed staff of energy (melded)
Jewellery
 d - a ring of positive energy (left scythe-like blade)
 f - a ring of see invisible (on tentacle)
 i - a +6 ring of intelligence (on tentacle)
 n - an amulet of guardian spirit (around mantle)
 E - an uncursed ring of protection from fire
 F - a +4 ring of protection (on tentacle)
 I - a +6 ring of dexterity
 J - a ring of magical power (on tentacle)
 L - an uncursed amulet of magic regeneration
 M - a ring of protection from magic (on tentacle)
 P - a ring of resist corrosion (on tentacle)
 S - a +6 ring of strength (right scythe-like blade)
Wands
 o - a wand of clouds (6)
 s - a wand of flame (49)
 B - a wand of digging (2)
 D - a wand of polymorph (11)
 G - a wand of random effects (55)
 N - a wand of disintegration (26)
 O - a wand of acid (10)
 Q - a wand of iceblast (6)
Scrolls
 b - 8 scrolls of identify
 e - 3 scrolls of remove curse
 m - 3 scrolls of magic mapping
 v - 3 scrolls of enchant weapon
 y - a scroll of brand weapon
 z - a scroll of enchant armour
 A - a scroll of fog
 H - a scroll of amnesia
Potions
 h - 4 potions of might
 k - 7 potions of curing
 l - 2 potions of flight
 p - a potion of cancellation
 u - 3 potions of brilliance
 K - 2 potions of haste
 U - a potion of mutation
Books
 x - a manual of Unarmed Combat
Miscellaneous
 q - a tin of tremorstones (3/3)
Comestibles
 c - 11 rations


   Skills:
 * Level 5.5 Fighting
 + Level 2.7 Throwing
 + Level 8.2 Dodging
 + Level 9.4 Stealth
 + Level 15.9 Unarmed Combat
 + Level 10.7 Spellcasting
 + Level 4.6 Conjurations
 + Level 3.8 Charms
 + Level 2.1 Translocations
 + Level 10.4 Transmutations
 + Level 4.3 Ice Magic
 + Level 2.5 Poison Magic
 + Level 3.5 Evocations


You had 8 spell levels left.
You knew the following spells:

 Your Spells              Type           Power        Failure   Level  Hunger
a - Beastly Appendage     Tmut           ######       6%          1    None
b - Sticks to Snakes      Tmut           ######..     7%          2    None
c - Spider Form           Tmut/Pois      #####.....   14%         3    None
d - Blade Hands           Tmut           ######....   21%         5    ####...
e - Infusion              Chrm           ####         14%         1    None
f - Shroud of Golubria    Chrm/Tloc      ####..       21%         2    None
g - Ozocubu's Armour      Chrm/Ice       ####....     24%         3    None
h - Ice Form              Ice/Tmut       ######..     22%         4    None
i - Irradiate             Conj/Tmut      ######....   36%         5    ####...

Your spell library contained the following spells:

 Spells                   Type           Power        Failure   Level  Hunger
 Magic Dart               Conj           ####         13%         1    None
 Passwall                 Tmut/Erth      #####...     14%         2    None
 Searing Ray              Conj           #####.       16%         2    None
 Song of Slaying          Chrm           ####....     17%         2    None
 Apportation              Tloc           ###...       21%         1    None
 Ensorcelled Hibernation  Hex/Ice        ###...       24%         2    None
 Blink                    Tloc           N/A          26%         2    None
 Animate Skeleton         Necr           N/A          32%         1    None
 Corona                   Hex            ##.....      32%         1    None
 Sandblast                Erth           ##....       32%         1    None
 Summon Small Mammal      Summ           ##..         32%         1    None
 Conjure Flame            Conj/Fire      ###.....     34%         3    None
 Dazzling Flash           Conj/Hex       ###...       34%         3    None
 Mephitic Cloud           Conj/Pois/Air  ####....     34%         3    None
 Stone Arrow              Conj/Erth      ###...       34%         3    None
 Petrify                  Tmut/Erth      #####...     34%         4    None
 Spectral Weapon          Hex/Chrm       ###.....     36%         3    None
 Call Imp                 Summ           ##......     38%         2    None
 Slow                     Hex            ##......     38%         2    None
 Iskenderun's Mystic Bla  Conj/Tloc      ####....     50%         4    None
 Call Canine Familiar     Summ           ##......     54%         3    None
 Confusing Touch          Hex            ##......     54%         3    None
 Summon Guardian Golem    Hex/Summ       ##......     54%         3    None
 Tukima's Dance           Hex            ##......     54%         3    None
 Fulminant Prism          Conj/Hex       ###.......   61%         4    None
 Summon Ice Beast         Ice/Summ       ###.....     61%         4    None
 Summon Lightning Spire   Summ/Air       ##......     82%         4    None
 Lee's Rapid Deconstruct  Erth           ##........   97%         5    ####...
 Silence                  Hex/Air        ##........   97%         5    ####...
 Conjure Ball Lightning   Conj/Air       ###.......   99%         6    #####..
 Freezing Cloud           Conj/Ice/Air   ####......   99%         6    #####..
 Tornado                  Air            ##........   100%        9    #######


Dungeon Overview and Level Annotations

Branches:
Dungeon (11/15)            Temple (1/1) D:5            Lair (6/6) D:11
 Shoals (1/4) Lair:4        Snake (0/4) Lair:2        Slime (0/5) Lair:6
    Orc (2/2) D:11            Elf (0/3) Orc:2

Altars:
Ashenzari
Cheibriados
Dithmenos
Elyvilon
Fedhas
Gozag
Hepliaklqana
Kikubaaqudgha
Makhleb
Nemelex Xobeh
Okawaru
Qazlal
Ru
Sif Muna
Trog
Uskayaw
Vehumet
Wu Jian
Xom
Yredelemnul
Zin
The Shining One
Beogh
Jiyva

Shops:
D:8 }*[(:   D:10 (   D:11 =*   Orc:2 (![:

Annotations:
D:8 2 runed translucent doors
Lair:4 exclusion: 4 oklob plants
Lair:5 exclusion: downstairs
Lair:6 1 runed translucent door, exclusion: death yak, Qairch's ghost, journeyman HOFi
Orc:1 exclusion: downstairs


Innate Abilities, Weirdness & Mutations

You cannot wear most types of armour.
You are very stealthy in the water. (Stealth+)
You are amphibious.
You can wear up to eight rings at the same time.
You can use your tentacles to constrict eight enemies at once.
Your skin changes colour to match your surroundings (Stealth+).
Your rubbery body absorbs attacks. (AC +1, EV +1)


Message History

The harpy is no longer distracted by gold.
The harpy barely misses you. The harpy claws you.
* * * LOW HITPOINT WARNING * * *
The harpy claws you!
* * * LOW HITPOINT WARNING * * *
The harpy claws you but does no damage.
The harpy becomes distracted by the nearby gold, dreaming of imaginary riches.
The harpy misses you. The harpy barely misses you.
The harpy escapes!
The harpy closely misses you. The harpy misses you.
The harpy closely misses your manticore.
The harpy claws your manticore.
You feel better.
The harpy is no longer distracted by gold.
The harpy completely misses you. The harpy claws you.
* * * LOW HITPOINT WARNING * * *
The harpy claws you.
* * * LOW HITPOINT WARNING * * *
The harpy claws you!
You die...
Your body crumbles into a pile of gold.

≈≈≈≈≈≈≈≈≈≈≈≈≈≈≈≈
≈≈≈≈≈≈≈≈≈≈≈≈≈≈≈≈
≈≈≈≈≈H≈≈≈≈≈≈≈...
≈≈≈≈≈≈≈≈≈≈≈≈..#
≈≈≈≈≈≈≈≈≈≈≈≈.#
≈≈≈≈≈≈≈≈≈≈≈≈.##
≈..≈≈≈≈≈≈≈≈≈..#
>..≈≈≈≈≈HHH..##
......Hc@.$^.#####
.##....H.$$......##
###.≈cH##.......#.
$
###.m.H###..≈≈≈≈≈.≈
.......####.≈≈≈≈≈≈≈
........###...≈≈≈≈≈
.##...[...<......≈≈
.#...........≈≈....
≈.?...........≈.$..


You could see a manticore, 5 harpies, 2 friendly fauns, 2 friendly manticores
and a friendly merfolk siren (summoned).

Vanquished Creatures
  A stone giant (Orc:1)
  4 hydras
  A catoblepas (Lair:3)
  3 two-headed ogres
  A death knight (D:10)
  A centaur warrior (D:11)
  3 death yaks (Lair:3)
  A tengu warrior (D:11)
  Urug (Orc:2)
  3 orc high priests (Orc:2)
  An unseen horror (D:10)
  4 harpies (Shoals:1)
  A deep elf mage (D:11)
  6 orc knights
  2 wolf spiders (D:11)
  An ugly thing (D:11)
  5 orc sorcerers
  A manticore (D:11)
  A cyclops (Orc:1)
  2 black mambas
  3 elephants (Lair:4)
  The ghost of TangoThomas the Ducker, a novice FeBe of Dithmenos (D:7)
  8 spiny frogs
  A rime drake (Lair:4)
  A yaktaur (D:10)
  3 komodo dragons
  A troll (shapeshifter) (D:11)
  A merfolk (Shoals:1)
  3 hornets
  A queen bee (D:8)
  5 trolls
  A slime creature (D:7)
  10 hippogriffs
  18 blink frogs
  A shadow (D:11)
  7 yaks
  3 wyverns
  A wraith (D:9)
  5 basilisks
  2 hungry ghosts
  5 nagas (Lair:2)
  7 water moccasins
  An acid dragon (D:11)
  A soldier ant (D:10)
  2 ice beasts
  11 porcupines
  A sky beast (D:9)
  18 orc warriors
  A hornet zombie (D:5)
  3 black bears
  3 phantoms
  7 ogres
  6 wolves
  7 centaurs
  11 crocodiles
  15 bullfrogs
  3 big kobolds
  A scorpion (D:5)
  18 killer bees (D:8)
  6 wights
  2 electric eels
  2 howler monkeys (D:4)
  3 crimson imps
  4 jellies
  5 hounds
  29 orc wizards
  A bullfrog zombie (D:8)
  24 orc priests
  2 bullfrog skeletons
  A gnoll shaman (D:4)
  5 iguanas
  9 worker ants
  Natasha (thrice) (D:4)
  A hound skeleton (D:5)
  3 worker ant zombies
  4 gnolls (D:7)
  16 adders
  6 shadow imps
  An adder skeleton (D:4)
  3 worms (D:2)
  A dart slug (D:1)
  7 leopard geckos
  62 orcs
  10 bats
  4 giant cockroaches
  8 goblins
  13 hobgoblins
  8 jackals
  13 kobolds
  3 quokkas
  7 frilled lizards
  A leopard gecko zombie (D:5)
  A quokka skeleton (D:7)
  11 rats
  A plant (D:11)
520 creatures vanquished.

Vanquished Creatures (collateral kills)
  An ettin (Orc:1)
  A manticore (Lair:4)
  An elephant (Lair:4)
  3 ogres
  A scorpion (D:11)
  An orc priest (Orc:2)
  2 orcs (Orc:2)
  A jackal (D:11)
11 creatures vanquished.

Vanquished Creatures (others)
  A centaur (D:11)
  19 fungi
  21 plants
41 creatures vanquished.

Grand Total: 572 creatures vanquished

Notes
Turn   | Place    | Note
-------+----------+-------------------------------------------
     0 | D:1      | H0rd4k the Octopode Transmuter began the quest for the Orb.
     0 | D:1      | Reached XP level 1. HP: 13/13 MP: 3/3
   172 | D:1      | Reached skill level 1 in Stealth
   325 | D:1      | Reached XP level 2. HP: 15/18 MP: 5/5
   887 | D:1      | Reached XP level 3. HP: 15/23 MP: 6/6
   891 | D:1      | Learned a level 2 spell: Sticks to Snakes
   895 | D:1      | Learned a level 3 spell: Spider Form
  1791 | D:2      | Reached XP level 4. HP: 18/28 MP: 4/7
  1985 | D:2      | Reached skill level 4 in Unarmed Combat
  2856 | D:3      | Found an ornate altar of the Wu Jian Council.
  2876 | D:3      | Reached XP level 5. HP: 33/33 MP: 8/8
  3794 | D:3      | Found a blossoming altar of Fedhas.
  4320 | D:4      | Noticed an ogre
  4333 | D:4      | Killed an ogre
  4333 | D:4      | Reached XP level 6. HP: 38/38 MP: 3/10
  4457 | D:4      | Reached skill level 5 in Unarmed Combat
  4795 | D:4      | Reached XP level 7. HP: 27/43 MP: 9/11
  5498 | D:4      | Noticed Natasha
  5505 | D:4      | Killed Natasha
  5664 | D:4      | Reached skill level 5 in Stealth
  6043 | D:4      | Noticed Natasha
  6047 | D:4      | Killed Natasha
  6212 | D:4      | Noticed Natasha
  6221 | D:4      | Killed Natasha
  6251 | D:5      | Entered Level 5 of the Dungeon
  6384 | D:5      | Reached skill level 6 in Unarmed Combat
  6401 | D:5      | Reached XP level 8. HP: 31/48 MP: 13/13
  6992 | D:5      | Found a sparkling altar of Nemelex Xobeh.
  7064 | D:5      | Found a staircase to the Ecumenical Temple.
  7236 | D:5      | Found a burning altar of Makhleb.
  7659 | D:6      | Reached skill level 7 in Unarmed Combat
  7973 | D:6      | Found a burning altar of Makhleb.
  8120 | Temple   | Entered the Ecumenical Temple
  8221 | Temple   | Became a worshipper of Gozag Ym Sagoz the Greedy
  8528 | D:6      | Reached XP level 9. HP: 34/54 MP: 16/16
  8776 | D:6      | Found a shadowy altar of Dithmenos.
  9225 | D:7      | Reached skill level 5 in Spellcasting
  9254 | D:7      | Learned a level 5 spell: Blade Hands
  9344 | D:7      | Reached skill level 5 in Transmutations
  9550 | D:7      | Found a runed translucent door.
  9550 | D:7      | Noticed TangoThomas's ghost (novice FeBe)
  9992 | D:7      | Reached skill level 8 in Unarmed Combat
 10464 | D:7      | Found a white marble altar of Elyvilon.
 10590 | D:7      | Reached skill level 1 in Poison Magic
 11470 | D:7      | Identified the Reference Book on Harmful Feathers
 11710 | D:8      | Found Liluvucw's Gadget Emporium.
 12344 | D:8      | Found Poehigich's Weapon Emporium.
 12608 | D:8      | Found Giug's Book Boutique.
 12624 | D:8      | Found Uryseot's Armour Emporium.
 12643 | D:8      | Reached XP level 10. HP: 47/61 MP: 15/19
 12712 | D:8      | Found a runed translucent door.
 12718 | D:8      | Found the +10 tower shield of Ignorance {rN+ Int-4}
 12824 | D:8      | Found a runed translucent door.
 12824 | D:8      | Noticed an orange crystal statue
 12913 | D:8      | Found Miulliva's Assorted Antiques.
 12916 | D:8      | Bought a scroll labeled GANEMO HOIMOO for 34 gold pieces
 12916 | D:8      | Bought a scroll labeled PITEID ZOBAKOMA for 34 gold pieces
 12916 | D:8      | Bought a bubbling dark potion for 30 gold pieces
 12916 | D:8      | Bought a scroll labeled GOBIEBAUBENO for 34 gold pieces
 12916 | D:8      | Bought a brass wand for 136 gold pieces
 13065 | D:8      | Reached skill level 9 in Unarmed Combat
 13393 | D:9      | Noticed a two-headed ogre
 13602 | D:9      | Found a radiant altar of Vehumet.
 14269 | D:9      | Noticed a two-headed ogre
 14305 | D:9      | Killed a two-headed ogre
 14305 | D:9      | Reached skill level 1 in Evocations
 14510 | D:9      | Found a sacrificial altar of Ru.
 14725 | D:9      | Killed a two-headed ogre
 14725 | D:9      | Reached skill level 5 in Dodging
 14929 | D:9      | Acquired 1440 gold pieces
 14983 | D:8      | Bought a manual of Unarmed Combat for 1214 gold pieces
 14983 | D:8      | Bought a book of Battle for 440 gold pieces
 14985 | D:8      | Learned a level 1 spell: Infusion
 14988 | D:8      | Learned a level 2 spell: Shroud of Golubria
 14992 | D:8      | Learned a level 3 spell: Ozocubu's Armour
 15007 | D:10     | Entered Level 10 of the Dungeon
 15030 | D:10     | Found Noymiyta's Antique Weapon Shop.
 15155 | D:10     | Reached skill level 10 in Unarmed Combat
 15644 | D:10     | Noticed a two-headed ogre
 15651 | D:10     | Killed a two-headed ogre
 15651 | D:10     | Reached skill level 1 in Charms
 15651 | D:10     | Reached skill level 1 in Translocations
 15651 | D:10     | Reached skill level 1 in Ice Magic
 15651 | D:10     | Reached XP level 11. HP: 55/67 MP: 16/21
 16510 | D:10     | Noticed a death knight
 16520 | D:10     | Noticed a five-headed hydra
 16701 | D:10     | Paralysed by a centaur for 6 turns
 17809 | D:10     | HP: 1/69 [five-headed hydra (11)]
 18572 | D:11     | Reached skill level 1 in Throwing
 18723 | D:11     | Noticed a white ugly thing
 18814 | D:11     | Noticed a deep elf mage
 18823 | D:11     | Noticed a centaur warrior
 18829 | D:11     | Killed a deep elf mage
 18832 | D:11     | Killed a centaur warrior
 19102 | D:11     | Bought an uncursed ring of see invisible for 165 gold
                  | pieces
 19114 | D:11     | Found a staircase to the Orcish Mines.
 19650 | D:11     | Reached skill level 11 in Unarmed Combat
 19755 | D:11     | Noticed a manticore
 19810 | D:11     | Found a staircase to the Lair.
 19826 | Lair:1   | Entered Level 1 of the Lair of Beasts
 19852 | Lair:1   | Learned a level 4 spell: Ice Form
 20219 | Lair:1   | Reached XP level 12. HP: 51/74 MP: 17/23
 20992 | Lair:1   | Reached skill level 12 in Unarmed Combat
 21347 | Lair:2   | Learned a level 5 spell: Irradiate
 22365 | Lair:2   | Found a staircase to the Snake Pit.
 23122 | Lair:3   | Noticed a catoblepas
 23139 | Lair:3   | Killed a catoblepas
 23767 | Lair:3   | Noticed a death yak
 23937 | Lair:3   | Reached skill level 13 in Unarmed Combat
 24619 | Lair:4   | Reached skill level 1 in Conjurations
 25155 | Lair:4   | Reached XP level 13. HP: 60/81 MP: 20/25
 25649 | Lair:4   | Found a staircase to the Shoals.
 26515 | Lair:5   | Reached skill level 14 in Unarmed Combat
 26974 | Lair:6   | Entered Level 6 of the Lair of Beasts
 26993 | Lair:6   | Found a staircase to the Slime Pits.
 26993 | Lair:6   | Found a viscous altar of Jiyva.
 27099 | Lair:6   | Found a runed translucent door.
 27101 | Lair:6   | Noticed Qairch's ghost (journeyman HOFi)
 27210 | D:11     | Bought a +6 ring of strength for 819 gold pieces
 29064 | D:7      | Killed TangoThomas's ghost
 30255 | Orc:1    | Entered Level 1 of the Orcish Mines
 30740 | Orc:1    | Found a dark tunnel.
 30762 | Orc:1    | Noticed an ettin
 30764 | Orc:1    | Noticed a stone giant
 30812 | Orc:2    | Entered Level 2 of the Orcish Mines
 30812 | Orc:2    | Noticed Urug
 30822 | Orc:2    | Killed Urug
 31164 | Orc:1    | Killed a stone giant
 31164 | Orc:1    | Reached skill level 10 in Spellcasting
 31177 | Orc:1    | Reached skill level 15 in Unarmed Combat
 31177 | Orc:1    | Reached XP level 14. HP: 68/86 MP: 28/28
 31506 | Orc:1    | Found a roughly hewn altar of Beogh.
 31575 | Orc:2    | Found a staircase to the Elven Halls.
 31585 | Orc:1    | Reached skill level 10 in Transmutations
 33140 | Orc:2    | Reached skill level 5 in Fighting
 33531 | Orc:2    | Found Cigouj's Book Shop.
 33531 | Orc:2    | Found Wasm's Antique Armour Emporium.
 34293 | Orc:2    | Found Epiantifa's Distillery.
 34293 | Orc:2    | Found Wiseovep's Antique Weapon Emporium.
 34301 | Orc:2    | Bought a potion of might for 60 gold pieces
 34301 | Orc:2    | Bought 2 potions of curing for 90 gold pieces
 34301 | Orc:2    | Bought a potion of heal wounds for 75 gold pieces
 34302 | Orc:2    | Bought a faintly glowing triple crossbow for 540 gold
                  | pieces
 34627 | Orc:1    | Identified the cursed +2 triple crossbow of Hell's Wrath
                  | {freeze, rElec rF+ rC- Int+4 Dex+3} (You bought it in a
                  | shop on level 2 of the Orcish Mines)
 34890 | D:8      | Bought a wand of clouds (7) for 462 gold pieces
 35527 | D:10     | Got a twisted rapier
 35528 | D:10     | Identified the +3 rapier "Xali" {vorpal, Dex+2} (You found
                  | it on level 10 of the Dungeon)
 36703 | Shoals:1 | Entered Level 1 of the Shoals
 36751 | Shoals:1 | HP: 3/88 [harpy (10)]
 36752 | Shoals:1 | Slain by a harpy

Illustrated notes

Levels and vault maps discovered:
D:1:      scummos_arrival_star, layout_rooms, minmay_misc_feat_four_crosses
D:2:      layout_loops_ring, first_ration, minmay_tall_x
D:3:      layout_loops_corners, lemuel_crystal_altar,
          nicolae_overflow_crystal_walls, roderic_roman_lattice
D:4:      cheibrodos_barr_body, layout_basic, uniq_natasha
D:5:      layout_basic, kennysheep_little_box, temple_green,
          makhleb_heckhound_becter
D:6:      layout_basic, lemuel_doored_altar, basic_altar,
          kennysheep_pointless_box
D:7:      layout_basic, overflow_temple_1_default, ebering_ghost_inner_flame
D:8:      layout_loops_corners, serial_shops, nicolae_shop_statue_plus,
          shop_statue, nicolae_shop_crystal, nicolae_shop_stone,
          kennysheep_mini, david_nohive_1, chequers_guarded_unrand_ignorance
D:9:      layout_basic, kennysheep_mini_moat, vehumet_altar_wand_db
D:10:     minmay_bloctagon, layout_basic, serial_shops,
          nicolae_shop_overgrown_old_shop, serial_bayou_pond_c,
          grunt_decor_clamped, kennysheep_generic_room_10
D:11:     layout_roguey, grunt_lair_entry_orc_guard_hut, orc_0_dummy,
          minmay_shattered_shrine
Temple:   regret_index_temple_sphere_string
Lair:1:   layout_hall_layers
Lair:2:   layout_regular_city, minmay_snake_entry_guardpost_large, st_stairs_9
Lair:3:   layout_loops_ring
Lair:4:   layout_regular_city, minmay_shoals_entry_beasts,
          minmay_lair_oklob_chamber, grunt_megastairs_2, serial_bayou_shore_b
Lair:5:   layout_roguey, serial_bayou_shore_a, lemuel_fruit_tree
Lair:6:   hangedman_lair_caniforms_friends, layout_regular_city, slime_altar_1,
          gammafunk_ghost_grave
Shoals:1: layout_shoals
Orc:1:    layout_caves, basic_altar, enter_volcano_2
Orc:2:    grunt_orc_tribal_feast, layout_caves, uniq_urug

Skill      XL: |  1  2  3  4  5  6  7  8  9 10 11 12 13 14 |
---------------+-------------------------------------------+-----
Stealth        | 1 2 4 5 6 7 8 9 |  9.4
Unarmed Combat | 4 5 6 7 8 10 11 13 15 | 15.9
Spellcasting   | 3 4 6 7 8 10 | 10.7
Transmutations | 3 4 6 8 9 10 | 10.4
Dodging        | 3 4 5 6 7 8 |  8.2
Fighting       | 2 3 4 5 |  5.5
Poison Magic   | 1 2 |  2.5
Evocations     | 2 3 |  3.5
Charms         | 1 3 |  3.8
Translocations | 1 2 |  2.1
Ice Magic      | 1 2 3 4 |  4.3
Throwing       | 2 |  2.7
Conjurations   | 1 4 |  4.6

Action                   |  1- 3 |  4- 6 |  7- 9 | 10-12 | 13-15 || total
-------------------------+-------+-------+-------+-------+-------++-------
Melee: Unarmed           |    78 |   145 |   351 |   512 |   434 ||  1520
       Tentacles         |    14 |    17 |    46 |    73 |    45 ||   195
       Constrict         |    22 |    36 |    71 |    50 |    47 ||   226
       Kick              |     2 |    19 |    65 |    44 |       ||   130
       Punch             |       |     5 |    14 |    26 |    30 ||    75
       Staff             |       |       |       |   114 |     9 ||   123
Throw: Dart              |       |       |       |    34 |    13 ||    47
 Cast: Beastly Appendage |     2 |    15 |    32 |    23 |       ||    72
       Spider Form       |       |     1 |     9 |    11 |    15 ||    36
       Sticks to Snakes  |       |       |    13 |     5 |    30 ||    48
       Blade Hands       |       |       |       |    20 |    33 ||    53
       Infusion          |       |       |       |     3 |     1 ||     4
       Ice Form          |       |       |       |     9 |    14 ||    23
       Ozocubu's Armour  |       |       |       |     6 |     7 ||    13
       Shroud of Golubri |       |       |       |     1 |     3 ||     4
       Irradiate         |       |       |       |       |     1 ||     1
Invok: Call Merchant     |       |       |       |     1 |     1 ||     2
Evoke: Wand              |       |       |     4 |    51 |    12 ||    67
       Tin of tremorston |       |       |       |     2 |       ||     2
  Use: Potion            |       |     5 |     3 |     4 |    10 ||    22
       Scroll            |       |       |     9 |    21 |    11 ||    41
 Stab: Sleeping          |     9 |    17 |     8 |     9 |     6 ||    49
       Distracted        |       |       |     2 |     2 |     4 ||     8
       Paralysed         |       |       |     2 |    18 |       ||    20
  Eat: Chunk             |     2 |    10 |     8 |       |     1 ||    21
       Ration            |       |       |     6 |    12 |    10 ||    28
Armor: Skin              |     9 |     7 |    12 |    42 |    64 ||   134
Dodge: Dodged            |    43 |    88 |   228 |   423 |   328 ||  1110
